Map: Orbital Shipyard

Players

capac - Winner!

  • Race: Terran Terran
  • League: Gold

IIIIIIIIIIII

  • Race: Terran Terran
  • League: Silver

VOD

Have the link to the VOD?

Description

Time

  • Played on: March 5, 2016, 9:44 a.m.
  • Length: 17:19
Show
View Real Time Build Order
Export as new Build Order

capac Terran - Winner!

Build Orders:  

Get SALT Encoding   

  12  0:00  SCV  
  13  0:13  SCV  
  14  0:18  Supply Depot  
  14  0:25  SCV  
  15  0:40  Barracks, SCV  
  16  0:46  Refinery  
  16  0:52  SCV  
  17  1:04  SCV  
  18  1:16  SCV  
  19  1:28  SCV  
  19  1:30  Barracks Reactor  
  20  1:37  Command Center  
  20  1:41  SCV  
  21  1:55  Orbital Command  
  21  2:00  Supply Depot  
  21  2:08  Marine  
  21  2:09  Marine  
  23  2:24  Barracks  
  23  2:30  Factory  
  23  2:35  Marine x2  
  25  2:45  SCV  
  25  2:49  Refinery  
  26  2:54  Orbital Command  
  26  3:03  SCV  
  27  3:08  Marine x2  
  29  3:13  Barracks Tech Lab  
  29  3:20  Starport  
  29  3:21  Factory Reactor  
  29  3:26  Marine, SCV  
  31  3:38  SCV  
  31  3:39  SCV  
  31  3:40  Marine x2  
  35  3:50  Marine  
  37  3:55  SCV x2  
  37  3:58  Marine  
  39  4:04  Marine  
  39  4:09  Supply Depot  
  40  4:10  Medivac x2  
  40  4:15  Stimpack  
  40  4:16  Marine x2  
  46  4:24  Marine  
  46  4:28  Factory Tech Lab  
  47  4:34  Marine x2, SCV x2  
  51  4:42  Marine  
  52  4:50  Siege Tank  
  52  4:51  SCV x2  
  52  4:52  Marine x2  
  59  4:59  Barracks  
  59  5:02  Marine  
  59  5:03  Barracks  
  60  5:07  SCV x2  
  62  5:25  Refinery  
  62  5:26  Refinery  
  62  5:29  Engineering Bay  
  62  5:34  Supply Depot, Marine  
  62  5:35  SCV x2  
  58  6:04  Marine x2  
  58  6:05  Marine  
  59  6:22  Marine x3  
  56  6:33  Medivac x2  
  56  6:34  Siege Tank  
  59  6:40  Marine x3, Missile Turret x2  
  59  6:42  Missile Turret  
  59  6:43  Missile Turret  
  59  6:45  Missile Turret, Barracks Reactor x2  
  62  6:51  SCV x2  
  64  6:55  Supply Depot  
  64  6:58  Marine x2  
  66  7:09  SCV x2, Missile Turret  
  68  7:18  Supply Depot  
  68  7:22  Medivac x2  
  70  7:25  Missile Turret  
  70  7:29  Siege Tank  
  75  7:33  Marine x4  
  75  7:34  Marine  
  75  7:36  SCV  
  81  8:11  Marine, Siege Tank  
  81  8:12  Marine x5  
  89  8:13  Marine  
  89  8:14  SCV x2  
  93  8:20  Command Center  
  93  8:21  Supply Depot  
  93  8:31  Terran Infantry Weapons Level 1  
  93  8:32  Marine x4  
  97  8:36  Medivac  
  97  8:40  Medivac  
  89  9:18  Marine x3  
  89  9:19  Marine x4  
  89  9:21  Medivac x2  
  89  9:23  Siege Tank  
  103  9:36  Marine x2  
  105  9:43  SCV x2  
  107  9:50  Marine x4  
  107  9:51  Marine  
  112  9:54  Marine  
  112  9:55  Siege Tank  
  112  9:58  Orbital Command  
  116  10:01  Marine  
  117  10:08  Marine x3, SCV x2  
  117  10:12  Supply Depot, Starport  
  122  10:25  Terran Infantry Armor Level 1  
  122  10:29  SCV x2  
  122  10:30  SCV  
  125  10:35  Missile Turret  
  125  10:42  Missile Turret  
  107  11:18  Supply Depot  
  107  11:20  Supply Depot  
  107  11:22  Supply Depot  
  107  11:24  SCV x2  
  108  11:36  SCV  
  108  11:37  Liberator x2  
  109  11:41  Marine x4  
  109  11:42  Marine x3  
  116  11:50  Refinery, SCV  
  116  11:51  SCV x2  
  116  11:53  Refinery  
  119  11:55  Refinery  
  119  11:59  Marine x2  
  127  12:06  Missile Turret  
  127  12:12  Supply Depot  
  127  12:13  Supply Depot  
  127  12:16  Missile Turret  
  127  12:19  Starport Reactor  
  127  12:21  Starport  
  127  12:22  Siege Tank  
  130  12:23  Liberator x2  
  130  12:24  SCV x2  
  130  12:27  Supply Depot  
  130  12:28  Supply Depot  
  138  12:54  Marine x5  
  138  12:55  Marine x2  
  138  12:57  Medivac  
  138  12:58  Medivac  
  149  13:03  Armory  
  149  13:04  Armory  
  149  13:06  SCV  
  149  13:07  SCV x2  
  149  13:08  Liberator  
  149  13:09  Liberator  
  152  13:25  Command Center  
  158  13:34  Medivac x2  
  158  13:35  Starport Reactor  
  158  13:38  Supply Depot  
  158  13:39  Supply Depot  
  158  13:41  Supply Depot  
  162  13:45  Supply Depot  
  162  13:53  SCV x3  
  165  14:35  Liberator x5  
  165  14:36  Liberator  
  165  14:51  Siege Tank  
  186  15:05  Starport  
  138  15:37  Marine x2  
  138  15:38  Marine x5  
  135  15:55  Marine x2  
  120  16:44  Marine x5  
  120  16:45  Marine x2  
  145  16:57  Starport Reactor  
Show
View Real Time Build Order
Export as new Build Order

IIIIIIIIIIII Terran 

Build Orders: Reaper Expand, MMM Bio 

Get SALT Encoding   

  12  0:01  SCV  
  13  0:13  SCV  
  14  0:19  Supply Depot  
  14  0:25  SCV  
  15  0:40  SCV  
  15  0:41  Barracks  
  16  0:48  Refinery  
  16  0:52  SCV  
  17  1:02  Supply Depot  
  17  1:05  SCV  
  18  1:17  SCV  
  19  1:30  Orbital Command  
  19  1:33  Reaper  
  19  1:38  Supply Depot  
  20  1:56  Command Center  
  20  2:01  SCV  
  21  2:09  Barracks Reactor  
  21  2:13  SCV  
  22  2:16  Refinery  
  22  2:24  Barracks  
  22  2:25  SCV  
  23  2:37  SCV  
  23  2:46  Factory  
  23  2:49  Marine x2  
  26  2:51  SCV  
  26  2:56  Supply Depot  
  26  3:07  Marine x2  
  26  3:08  Orbital Command  
  26  3:12  Barracks Tech Lab  
  28  3:21  Engineering Bay  
  28  3:31  Starport, Factory Reactor  
  28  3:41  Stimpack  
  28  3:42  Marine, Orbital Command  
  28  3:46  Marine  
  28  3:47  Marine  
  31  4:00  Marine  
  31  4:01  Supply Depot  
  32  4:04  Marine  
  33  4:11  SCV x2  
  35  4:17  Starport Reactor  
  35  4:23  SCV x2  
  37  4:27  Missile Turret  
  37  4:35  SCV x2  
  39  4:40  Missile Turret  
  39  4:42  Marine  
  40  4:47  SCV x2  
  42  4:53  Widow Mine  
  42  4:54  Widow Mine  
  42  4:56  Medivac  
  42  4:59  SCV  
  49  5:04  Medivac  
  49  5:05  Marine  
  52  5:07  SCV  
  53  5:18  Barracks  
  53  5:19  Marine x2  
  55  5:23  Marine  
  56  5:34  Widow Mine  
  56  5:35  Widow Mine  
  60  5:37  Marine x2, SCV  
  60  5:38  SCV  
  60  5:41  Marine  
  63  5:55  Marine x2  
  53  5:58  Marine  
  38  6:13  Marine x2  
  38  6:16  Marine  
  35  6:30  Marine  
  35  6:31  Marine  
  30  6:34  Marine  
  29  6:42  SCV x2  
  31  6:48  Marine x2  
  31  6:52  Marine, Medivac x2  
  31  6:54  SCV x2, Combat Shields  
  38  7:02  Missile Turret  
  38  7:06  Marine x2, SCV x2  
  42  7:10  Marine  
  42  7:13  Supply Depot  
  43  7:18  SCV x2  
  45  7:24  Marine x2  
  45  7:28  Marine  
  48  7:30  Missile Turret, SCV x2  
  48  7:33  Barracks  
  50  7:42  Marine x2, SCV x2  
  54  7:45  Marine  
  55  7:54  Missile Turret, SCV x2  
  57  7:59  Marine  
  57  8:00  Marine  
  57  8:03  Marine  
  60  8:06  SCV  
  60  8:07  SCV  
  60  8:08  Command Center  
  62  8:16  Refinery  
  62  8:17  Marine  
  62  8:18  SCV, Missile Turret  
  62  8:19  SCV  
  65  8:20  Marine  
  65  8:22  Marine  
  67  8:35  Supply Depot  
  67  8:36  Supply Depot  
  67  8:39  Marine  
  67  8:40  Marine x2  
  67  8:41  Barracks Reactor  
  70  8:45  Factory Tech Lab  
  70  8:46  Concussive Shells  
  70  8:57  Marine x3  
  61  9:15  Marine x3  
  64  9:18  Marine  
  64  9:19  Marine  
  66  9:28  Orbital Command  
  66  9:33  Marine x3  
  66  9:36  Marine x2  
  71  9:42  Missile Turret  
  71  9:45  Missile Turret  
  71  9:51  Marine x3  
  74  9:54  Marine x2  
  76  10:08  Marine  
  76  10:09  Marine x2  
  76  10:11  Medivac x2  
  76  10:12  Marine x2  
  85  10:22  Siege Tank  
  85  10:25  Orbital Command  
  85  10:26  Marine x2  
  85  10:27  Marine  
  91  10:30  Marine x2  
  88  10:44  Marine x3  
  88  10:47  Marine  
  88  10:48  Marine  
  93  10:54  Siege Tank  
  93  10:56  Medivac x2  
  98  11:02  Marine x3  
  78  11:05  Marine x2  
  80  11:15  Orbital Command  
  80  11:20  Marine x3  
  80  11:23  Marine x2  
  85  11:37  Marine  
  85  11:38  Marine x2  
  88  11:41  Marine x2, SCV x3  
  93  11:49  Barracks  
  93  11:50  Missile Turret  
  93  11:51  Barracks  
  93  11:53  SCV x3  
  96  11:55  Marine x2  
  96  11:56  Marine  
  96  11:59  Marine x2  
  96  12:00  Supply Depot x2  
  96  12:01  Supply Depot  
  101  12:05  SCV x3  
  104  12:13  Marine x3  
  107  12:17  Marine x2  
  107  12:18  Refinery  
  107  12:21  SCV x3  
  112  12:29  Supply Depot  
  112  12:31  Marine x3  
  112  12:34  SCV x3  
  118  12:37  Barracks Tech Lab  
  118  12:38  Barracks Reactor  
  118  12:42  Supply Depot  
  118  12:43  Supply Depot  
  118  12:46  SCV x3  
  118  12:51  Marine x4  
  123  12:57  Refinery, Missile Turret  
  125  13:00  Missile Turret  
  125  13:08  Missile Turret  
  125  13:09  Marine x5, Missile Turret  
  130  13:19  Marine x3  
  133  13:26  Marine  
  133  13:27  Terran Infantry Weapons Level 1, Marine  
  133  13:28  Armory  
  133  13:34  Marine x3  
  135  13:36  Marine  
  139  13:46  Command Center  
  139  13:49  Marine x3  
  139  13:52  Marine x2  
  144  14:03  Siege Tank  
  144  14:06  Marine x3  
  150  14:11  Marine x3  
  150  14:17  Marine x2  
  153  14:23  Marine  
  153  14:24  Marine  
  156  14:29  Missile Turret  
  157  14:31  Barracks  
  157  14:34  Marine  
  157  14:35  Marauder, Marine x2  
  162  14:42  Marauder  
  164  15:05  Marauder x2, Marine x4  
  164  15:06  Marine x2  
  174  15:21  Terran Infantry Armor Level 1  
  174  15:22  Marine  
  174  15:27  Marauder x2  
  80  15:44  Marine x2  
  80  15:45  Marine x3  
  80  15:48  Marauder x2  
  83  16:02  Marine x3  
  83  16:03  Marine x2  
  88  16:09  Marine x2  
  72  16:20  Marine x4  
  72  16:21  Marine  
  77  16:27  Marine x2  
  74  16:38  Marine x4  
  74  16:39  Marine  
  73  16:44  Marine  
  73  16:45  Marine  
  75  16:55  Marine  
  75  16:56  Marine x4  
Tags
 
Composition
MMM Bio
Matchup
TvT
Race
Terran
Add a new tag
Caveats
  • Supply blocks, unpowered buildings, or Contaminate may cause inaccurate times.
  • Supply counts are checked every 10 seconds.